 Dungeon Crawl Stone Soup version 0.20.1-1-g8b1a95d (webtiles) character file.

53 Monsterracer the Cudgeler (level 3, -2/20 HPs)
             Began as a Demonspawn Chaos Knight on July 6, 2017.
             Slain by an adder (3 damage)
             ... on level 2 of the Dungeon.
             The game lasted 00:03:21 (1175 turns).

Monsterracer the Cudgeler (Demonspawn Chaos Knight) Turns: 1175, Time: 00:03:21

Health: -2/20      AC:  5    Str: 12    XL:     3   Next: 62%
Magic:  3/3        EV: 11    Int: 13    God:    Xom [......]
Gold:   55         SH:  4    Dex: 13    Spells: 2/2 levels left

rFire    . . .     SeeInvis .   b - +0 mace
rCold    . . .     Gourm    .   (no shield)
rNeg     . . .     Faith    .   d - +2 leather armour
rPois    .         Spirit   .   (helmet restricted)
rElec    .         Reflect  +   (no cloak)
rCorr    .         Harm     .   (no gloves)
MR       .....                  (no boots)
Stlth    +.........             k - +4 amulet of reflection
Regen    0.1/turn               (no ring)
MPRegen  0.1/turn               (no ring)

@: lethally poisoned (-2 -> -11)
A: horns 1, deterioration 1, frail 3, rot immunity
a: Renounce Religion


You were on level 2 of the Dungeon.
You worshipped Xom.
You were a very special plaything of Xom.
You were not hungry.

You visited 1 branch of the dungeon, and saw 2 of its levels.

You collected 55 gold pieces.

Inventory:

Hand Weapons
 a - a +0 mace of chaos
 b - a +0 mace (weapon)
Armour
 d - a +2 leather armour (worn)
Jewellery
 i - an uncursed ring of ice
 k - a +4 amulet of reflection (around neck)
Scrolls
 e - 2 scrolls of remove curse {unknown}
 f - a scroll of immolation {unknown}
 g - 2 scrolls of identify {unknown}
 h - a scroll of magic mapping {unknown}
Comestibles
 c - 2 bread rations
 l - a chunk of flesh
 m - a meat ration


   Skills:
 - Level 3.0 Fighting
 + Level 4.2 Maces & Flails
 - Level 1.7 Armour
 - Level 0.8 Dodging


You had 2 spell levels left.
You didn't know any spells.

Dungeon Overview and Level Annotations

Branches:
Dungeon (2/15)

Altars:
Uskayaw
Xom


Innate Abilities, Weirdness & Mutations

You have a pair of small horns on your head.
You are immune to rotting.
Your body sometimes deteriorates upon taking damage.
You are extremely frail. (-30% HP)


Message History

You hit the adder but do no damage. The adder misses you.
You barely miss the adder.
You feel yourself slow down. The adder bites you.
You are more poisoned.
The adder poisons you!
Damage: -10%(-2hp) hp: 55%(11hp)
You hit the adder.
The adder is moderately wounded.
You feel sick. "Fight to survive, mortal."
The worm bites you!
* * * LOW HITPOINT WARNING * * *
The adder bites you.
* * * LOW HITPOINT WARNING * * *
Huge Dmg: -50%(-10hp) hp: 5%(1hp)
You hit the adder but do no damage. You headbutt the adder.
The adder is severely wounded.
The adder bites you.
You die...

, , , * , ** *
#....._,.#* *, , ,,,, ,
,.....#.#.## ,, ******
*..[.......# ** * *, ,*
..........#####. ,, ,,
** *................, ,*
** *.........S##...*** *
* **......††S.#..# * **
**,......w@...(#* ,*# **
,##....K.#.### ,,#., ,
**##.####..###### ##
,,.### * #.###..#.....#
##. ,, ..##
*#........##.## ###..
***##..####....#######.#
##...# ##..........#
##.# #..###
#..#...###.#* #..# #.##
# ###.#....# #.#
#.######.# ##


You could see a worm, an adder, a ball python and a kobold.

Vanquished Creatures
  2 dart slugs
  A leopard gecko (D:1)
  9 bats
  2 giant cockroaches
  6 goblins
  7 hobgoblins
  A quokka (D:2)
  5 frilled lizards
  6 kobolds
  7 rats
46 creatures vanquished.

Notes
Turn   | Place    | Note
-------+----------+-------------------------------------------
     0 | D:1      | Monsterracer the Demonspawn Chaos Knight began the quest for the Orb.
     0 | D:1      | Reached XP level 1. HP: 18/18 MP: 1/1
    23 | D:1      | XOM: potion effect (agility)
    52 | D:1      | Reached skill level 3 in Maces & Flails
    64 | D:1      | XOM: silly message
   162 | D:1      | Gained mutation: You have a pair of small horns on your head. [demonic ancestry]
   162 | D:1      | Reached XP level 2. HP: 22/24 MP: 2/2
   185 | D:1      | XOM: silly message
   416 | D:1      | XOM: 3-stop teleportation journey
   617 | D:1      | XOM: scenery: create altars
   618 | D:1      | Gained mutation: You are immune to rotting. [demonic ancestry]
   618 | D:1      | Reached XP level 3. HP: 29/29 MP: 3/3
   713 | D:2      | Reached skill level 4 in Maces & Flails
   991 | D:2      | XOM: divination: magic mapping
  1150 | D:2      | XOM is BORED!
  1150 | D:2      | XOM: give mutations
  1150 | D:2      | Gained mutation: You are frail. (-10% HP) [Xom's mischief]
  1150 | D:2      | Gained mutation: You are very frail. (-20% HP) [Xom's mischief]
  1150 | D:2      | Gained mutation: You are extremely frail. (-30% HP) [Xom's mischief]
  1150 | D:2      | Gained mutation: Your body sometimes deteriorates upon taking damage. [Xom's mischief]
  1163 | D:2      | Found a hide-covered altar of Uskayaw.
  1174 | D:2      | XOM: summons 2 hostile shadow creatures
  1174 | D:2      | HP: 1/20 [adder (1)]
  1175 | D:2      | Slain by an adder

Skill      XL: |  1  2  3 |
---------------+----------+-----
Maces & Flails | 3 4 |  4.2
Fighting       | |  3.0
Armour         | |  1.7
Dodging        | |  0.8

Action                   || total
-------------------------++-------
Melee: Mace              ||   127
       Headbutt          ||     8
  Use: Potion            ||     2
  Eat: Chunk             ||     1
Armor: Leather armour    ||    49
Dodge: Dodged            ||    88
Block: Other             ||     7
